 Dungeon Crawl Stone Soup version 0.27-a0-1177-g245c70e1c0 (webtiles) character file.

Game seed: 14196159514841895178

47 HoaS the Bolt Thrower (level 3, -2/21 HPs)
             Began as a Kobold Hunter on May 16, 2021.
             Succumbed to an adder's poison
             ... on level 2 of the Dungeon.
             The game lasted 00:05:05 (1773 turns).

HoaS the Bolt Thrower (Kobold Hunter)               Turns: 1773, Time: 00:05:06

Health: -2/21      AC:  3    Str: 10    XL:     3   Next: 97%
Magic:  3/3        EV: 14    Int: 12    God:
Gold:   42         SH:  0    Dex: 15    Spells: 2/2 levels left

rFire    . . .     SeeInvis .   b - +0 short sword
rCold    . . .     Faith    .   (shield restricted)
rNeg     . . .     Spirit   .   c - +0 leather armour
rPois    .         Reflect  .   (no helmet)
rElec    .         Harm     .   (no cloak)
rCorr    .         Rampage  .   (no gloves)
Will     .....                  (no boots)
Stlth    +++.......             (no amulet)
HPRegen  0.07/turn              (no ring)
MPRegen  0.08/turn              (no ring)

@: lethally poisoned (-2 -> -13)
A: small, no large weapons, nightstalker 3
a: no special abilities


You were on level 2 of the Dungeon.
You visited 1 branch of the dungeon, and saw 2 of its levels.

You collected 42 gold pieces.

Inventory:

Hand Weapons
 a - a +1 hand crossbow
 b - a +0 short sword (weapon)
Missiles
 d - 42 bolts
Armour
 c - a +0 leather armour (worn)
Scrolls
 i - a scroll of identify {unknown}
Potions
 e - a potion of invisibility {unknown}
 f - a potion of curing {unknown}
 g - a potion of resistance


   Skills:
 - Level 2.1 Fighting
 * Level 3.5 Short Blades
 + Level 5.3 Crossbows
 - Level 2.4 Dodging
 - Level 1.3 Stealth


You had 2 spell levels left.
You didn't know any spells.
Your spell library was empty.

Dungeon Overview and Level Annotations

Branches:
Dungeon (2/15)

Altars:


Innate Abilities, Weirdness & Mutations

You are small and have problems with some larger weapons.
You are completely attuned to the shadows.


Message History

You kill the frilled lizard!
You hit the adder.
The adder is lightly wounded.
The adder bites you.
You miss the adder.
The adder is lightly wounded.
The adder misses you.
You hit the adder.
The adder is lightly wounded.
The adder bites you.
You hit the adder.
The adder is moderately wounded.
The adder closely misses you. x2
You closely miss the adder.
The adder is moderately wounded.
The adder bites you but does no damage.
You hit the adder.
The adder is almost dead.
The adder bites you.
You are poisoned.
The adder poisons you!
You barely miss the adder.
The adder is almost dead.
You feel sick. The adder bites you.
You are lethally poisoned!
The adder poisons you!
You miss the adder.
The adder is almost dead.
You feel sick. The adder bites you.
* * * LOW HITPOINT WARNING * * *
You are more poisoned.
The adder poisons you!
You hit the adder.
You kill the adder!
* * * LOW HITPOINT WARNING * * *
You feel very sick.
There is a lethal amount of poison in your body!
This is a scroll of acquirement!
Something appears at your feet!
You die...

.#.# ...# ##.##
#.#.## #..
.###.##### ##..#
## ##....#
#.#.###.
.###.###.#
#.#..... #.#.#
#.# ##.#..# ##.#
#.###....@# #.#
##.#...##......
#.#
#..<......##...
#J.........^^###
...
######....^_^#
.. ......^...
###.#...#


There were no monsters in sight!

Vanquished Creatures
  A gnoll (D:1)
  An adder (D:2)
  A dart slug (D:1)
  4 endoplasms (D:1)
  2 giant cockroaches (D:1)
  2 goblins (D:1)
  2 hobgoblins (D:1)
  2 quokkas
  3 bats (D:1)
  2 frilled lizards
  3 kobolds (D:1)
  4 rats (D:1)
27 creatures vanquished.

Notes
Turn   | Place    | Note
-------+----------+-------------------------------------------
     0 | D:1      | HoaS the Kobold Hunter began the quest for the Orb.
     0 | D:1      | Reached XP level 1. HP: 12/12 MP: 1/1
   160 | D:1      | Reached skill level 1 in Short Blades
   280 | D:1      | Reached skill level 5 in Crossbows
   280 | D:1      | Reached XP level 2. HP: 17/17 MP: 2/2
   858 | D:1      | Reached XP level 3. HP: 21/21 MP: 3/3
  1750 | D:2      | Found a faded altar of an unknown god.
  1772 | D:2      | HP: 1/21 [poisoned by an adder]
  1773 | D:2      | Identified a scroll of acquirement
  1773 | D:2      | Acquired a manual of Dodging
  1773 | D:2      | Succumbed to an adder's poison

Illustrated notes

Levels and vault maps discovered:
D:1:      arrival_zaba_pyramid, layout_rooms, st_stairs_14, minivault_5,
          minmay_misc_feat_hallway, chequers_serial_rivers_large_a,
          minmay_misc_feat_rows, chequers_serial_rivers_large_b
D:2:      layout_loops_ring, ebering_ecumenical_altar_webs,
          minmay_misc_feat_doors, uniq_robin

Skill      XL: |  1  2  3 |
---------------+----------+-----
Short Blades   | 1 2 3 |  3.5
Crossbows      | 5 |  5.3
Fighting       | |  2.1
Dodging        | |  2.4
Stealth        | |  1.3

Action                   || total
-------------------------++-------
Melee: Short sword       ||    94
  Use: Scroll            ||     2
 Stab: Sleeping          ||     8
Armor: Leather armour    ||     8
Dodge: Dodged            ||    62

Table legend: (Time is in decaauts)
 A = Elapsed time spent in this place.
 B = Non-inter-level travel time spent in this place.
 C = Inter-level travel time spent in this place.
 D = Time resting spent in this place.
 E = Time spent auto-exploring this place.
 F = Levels seen in this place.
 G = Mean time per level.
                   A        B        C        D        E       F      G
               +--------+--------+--------+--------+--------+-----+--------+
         Total |   1834 |   1819 |     15 |    674 |    937 |   2 |  917.0 |
       Dungeon |   1834 |   1819 |     15 |    674 |    937 |   2 |  917.0 |
               +--------+--------+--------+--------+--------+-----+--------+

Top non-repeatable levels by time:
     D:1: 1774 daAuts
     D:2: 60 daAuts
